 Dungeon Crawl Stone Soup version 0.24.1-14-gf8d2b509d9 (webtiles) character file.

Game seed: 3803781734715355596, levelgen mode: deterministic

14154 mortelune the Transmogrifier (level 12, -3/134 HPs)
             Began as a Naga Transmuter on May 23, 2020.
             Was a Priest of Cheibriados.
             Killed from afar by a gargoyle (25 damage)
             ... with a stone arrow
             ... in a Gauntlet.
             The game lasted 00:42:18 (17610 turns).

mortelune the Transmogrifier (Naga Transmuter)     Turns: 17610, Time: 00:42:19

Health: -3/134     AC:  7    Str: 20    XL:     12   Next: 13%
Magic:  19/23      EV: 12    Int: 28    God:    Cheibriados [***...]
Gold:   1550       SH:  0    Dex: 23    Spells: 5/26 levels left

rFire    . . .     SeeInvis +     - Unarmed
rCold    + + +     Gourm    .   (shield currently unavailable)
rNeg     . . .     Faith    .   (armour currently unavailable)
rPois    +         Spirit   .   (helmet currently unavailable)
rElec    .         Reflect  .   (cloak currently unavailable)
rCorr    +         Harm     .   (gloves currently unavailable)
MR       ++...     NoTele   +   (no barding)
Stlth    ++........             R - amulet of regeneration
HPRegen  0.72/turn              y - ring of the Lizard {+Fly rF+ MR+ Int+4}
MPRegen  0.18/turn              C - ring of resist corrosion

@: ice-form, very slow
A: large, thin skeletal structure 1, see invisible, dopey 1, slow metabolism 1,
spit poison 1, AC +4
a: Spit Poison, End Transformation, Bend Time, Temporal Distortion, Renounce
Religion, Evoke Flight


You were in a Gauntlet.
You worshipped Cheibriados.
Cheibriados was most pleased with you.
You were very hungry.
You were a creature of crystalline ice.
You visited 2 branches of the dungeon, and saw 13 of its levels.
You also visited: Bailey and Gauntlet.

You collected 1550 gold pieces.

Inventory:

Hand Weapons
 U - the +6 rapier of Hotuamac {pierce, rElec MR- Str+9 Int-5}
   (You found it on level 9 of the Dungeon)

   It inflicts extra damage upon your enemies.
   It affects your strength (+9).
   It affects your intelligence (-5).
   It insulates you from electricity.
   It affects your resistance to hostile enchantments.
Missiles
 b - 70 arrows
 K - 29 boomerangs (quivered)
Armour
 j - a +0 pair of gloves (melded)
 w - a +1 robe of magic resistance
 x - a scarf of resistance (melded)
 z - a +0 ring mail
 A - a +0 shield
 I - a +2 scale mail of poison resistance
 M - a +3 leather armour (melded)
 O - a +0 naga barding (melded)
 Z - a +0 troll leather armour
Magical Staves
 E - an uncursed staff of wizardry
 G - an uncursed staff of fire
Jewellery
 p - a +1 ring of slaying
 y - the ring of the Lizard (left front paw) {+Fly rF+ MR+ Int+4}
   (You found it on level 6 of the Dungeon)

   [ring of protection from magic]

   It affects your intelligence (+4).
   It protects you from fire.
   It affects your resistance to hostile enchantments.
   It lets you fly.
 C - a ring of resist corrosion (right front paw)
 F - an uncursed ring of protection from fire
 N - an uncursed ring of positive energy
 R - an amulet of regeneration (around neck)
Wands
 d - a wand of disintegration (7)
 n - a wand of iceblast (12)
 D - a wand of digging (6)
 J - a wand of acid (3)
 L - a wand of paralysis (11)
Scrolls
 a - 2 scrolls of immolation
 e - a scroll of fear
 f - 5 scrolls of remove curse
 h - 2 scrolls of amnesia
 k - 3 scrolls of enchant armour
 t - 5 scrolls of teleportation
 B - 3 scrolls of blinking
 P - a scroll of acquirement
 T - a scroll of enchant weapon
 W - a scroll of torment
 X - a scroll of vulnerability
Potions
 c - 4 potions of mutation
 g - 2 potions of invisibility
 l - a potion of ambrosia
 o - 2 potions of haste
 q - a potion of heal wounds
 r - 11 potions of curing
 s - 3 potions of lignification
 u - a potion of agility
 v - 2 potions of cancellation
 Y - a potion of brilliance {unknown}
Miscellaneous
 H - a crystal ball of energy
 Q - a phantom mirror
Comestibles
 m - 12 rations


   Skills:
 * Level 8.8 Fighting
 + Level 3.6 Dodging
 * Level 9.2 Unarmed Combat
 - Level 7.8 Spellcasting
 - Level 10.6 Transmutations
 * Level 6.0 Invocations


You had 5 spell levels left.
You knew the following spells:

 Your Spells              Type           Power        Failure   Level  Hunger
a - Beastly Appendage     Tmut           ######       1%          1    None
b - Sticks to Snakes      Tmut           ######..     1%          2    None
c - Spider Form           Tmut/Pois      #####.....   1%          3    None
d - Ice Form              Ice/Tmut       #####...     5%          4    ##.....
e - Blade Hands           Tmut           ######....   1%          5    ####...
f - Statue Form           Tmut/Erth      #####....    65%         6    ######.

Your spell library contained the following spells:

 Spells                   Type           Power        Failure   Level  Hunger
 Irradiate                Conj/Tmut      #####.....   16%         5    ####...
 Hydra Form               Tmut           ######....   10%         6    ######.
 Dragon Form              Tmut           ######....   47%         7    #######


Dungeon Overview and Level Annotations

Branches:
Dungeon (11/15)            Temple (1/1) D:4            Lair (0/6) D:11
    Orc (0/2) D:9          Bailey (visited)         Gauntlet (1/1)

Altars:
Ashenzari
Cheibriados
Dithmenos
Elyvilon
Fedhas
Gozag
Hepliaklqana
Kikubaaqudgha
Makhleb
Nemelex Xobeh
Okawaru
Qazlal
Ru
Sif Muna
Trog
Uskayaw
Vehumet
Wu Jian
Xom
Yredelemnul
Zin
The Shining One

Shops:
D:6 (

Annotations:
D:1 need fly
D:7 3 runed translucent doors, orehx's ghost, novice MiWn Gauntlet 11 transporters, 21 runed translucent doors


Innate Abilities, Weirdness & Mutations

You cannot wear boots.
((Your serpentine skin is tough. (AC +4)))
You have supernaturally acute eyesight. (SInv)
((Armour fits poorly on your strangely shaped body.))
((Your system is resistant to poisons. (rPois)))
((You cover ground very slowly.))
You have a slow metabolism.
You can spit poison.
((You have a pair of small antennae on your head.))
((Your tail ends in a poisonous barb.))
You have a somewhat thin skeletal structure. (Dex +2, Stealth)
You are dopey. (Int -2)


Message History

* * * LOW HITPOINT WARNING * * *
You feel much better.
The gargoyle hurls a stone arrow at you.
The stone arrow hits you!!
* * * LOW HITPOINT WARNING * * *
Casting: Sticks to Snakes (safe; 1% risk of failure)
Confirm with . or Enter, or press ? or * to list all spells.
You turn into a creature of crystalline ice.
Your scarf of resistance melds into your body.
Your +0 pair of gloves melds into your body.
Your +0 naga barding melds into your body.
Your +3 leather armour melds into your body.
You feel hot and cold all over. The gargoyle hits you with a +0 mace.
* * * LOW HITPOINT WARNING * * *
You are feeling very hungry.
You hit the gargoyle but do no damage.
The gargoyle is severely damaged.
The gargoyle hurls a stone arrow at you.
The stone arrow hits you!!
You die...

#....≈....#.©.#.....#
#...≈8≈§..#...#.8...###
#....≈....#.©.#.....#8#
####...###########..###
.35#...#9....##©##..#
##5#...#..###.##.#..###
.#.#...#.##..#.#.#..#8#
#..#...#.#)#.#.#.#..###
...#...#.#.#©#.#Y#..#
#..#...#.#.#.#.#9#..###
.#.#...#.#.##.##.#..#8#
##.#.∩.#(##.###..#..###
...#...#(.##.§§..#..#
####...###########..###
...§§.......©.......#8#
..§.≈∩≈............≈###
#####################


You could see a gargoyle.

Vanquished Creatures
  Harold (D:7)
  4 two-headed ogres
  A catoblepas (Gauntlet)
  An unseen horror (D:7)
  Maurice (D:9)
  A gargoyle (Gauntlet)
  2 hornets (D:9)
  A troll (D:10)
  3 hippogriffs
  A wyvern (D:9)
  5 yaks (D:11)
  3 hungry ghosts
  An acid dragon (D:11)
  8 orc warriors
  3 sky beasts
  2 ice beasts
  2 black bears
  A phantom (D:11)
  A necrophage (D:13)
  2 wolves (D:9)
  4 centaurs
  5 ogres
  A crocodile (D:11)
  9 bullfrogs
  3 scorpions
  5 killer bees
  10 wights
  4 howler monkeys
  2 bullfrog zombies
  5 crimson imps
  3 jellies
  8 orc wizards
  5 orc priests
  2 bullfrog skeletons (D:5)
  8 hounds
  A centaur skeleton (D:7)
  8 iguanas
  11 worker ants
  A hound zombie (D:6)
  2 hound skeletons
  5 gnolls
  16 adders
  7 shadow imps
  3 oozes
  An adder skeleton (D:5)
  3 worms
  5 dart slugs
  8 leopard geckos
  28 orcs
  5 giant cockroaches
  14 goblins
  8 hobgoblins
  13 jackals
  22 kobolds
  3 quokkas
  4 bats
  4 frilled lizards
  A leopard gecko skeleton (D:7)
  A quokka skeleton (D:7)
  8 rats
300 creatures vanquished.

Vanquished Creatures (collateral kills)
  Erolcha (D:10)
  A cyclops (D:13)
  An ugly thing (D:13)
  A hippogriff (D:7)
  Grum (D:9)
  A wolf (D:9)
  Blork the orc (D:4)
  2 bullfrogs
  4 killer bees
  2 wights (D:8)
  A bullfrog zombie (D:5)
  A centaur skeleton (D:4)
  A hound skeleton (D:8)
  2 gnolls
  2 adders
  An ooze (D:4)
  2 orcs (D:6)
  A jackal skeleton (D:9)
26 creatures vanquished.

Grand Total: 326 creatures vanquished

Notes
Turn   | Place    | Note
-------+----------+-------------------------------------------
     0 | D:1      | mortelune the Naga Transmuter began the quest for the Orb.
     0 | D:1      | Reached XP level 1. HP: 18/18 MP: 3/3
   165 | D:1      | Reached XP level 2. HP: 16/25 MP: 3/5
   440 | D:1      | Learned a level 2 spell: Sticks to Snakes
   648 | D:1      | Reached skill level 3 in Transmutations
   700 | D:1      | Reached XP level 3. HP: 28/31 MP: 4/6
   722 | D:1      | Learned a level 3 spell: Spider Form
  1345 | D:1      | Gained mutation: You have a pair of small antennae on your
                  | head. [potion of mutation]
  1345 | D:1      | Gained mutation: You are dopey. (Int -2) [potion of
                  | mutation]
  1345 | D:1      | Gained mutation: You have a somewhat thin skeletal
                  | structure. (Dex +2, Stealth) [potion of mutation]
  1345 | D:1      | Gained mutation: Your tail ends in a poisonous barb.
                  | [potion of mutation]
  2115 | D:2      | Reached XP level 4. HP: 38/38 MP: 8/8
  2410 | D:2      | Found a hide-covered altar of Uskayaw.
  3205 | D:2      | Reached skill level 4 in Transmutations
  3410 | D:3      | Reached XP level 5. HP: 31/44 MP: 9/9
  3526 | D:3      | Learned a level 4 spell: Ice Form
  4327 | D:4      | Reached skill level 5 in Transmutations
  4402 | D:4      | Reached XP level 6. HP: 42/51 MP: 7/11
  4653 | D:4      | Noticed Blork the orc
  4656 | D:4      | Found a staircase to the Ecumenical Temple.
  4670 | Temple   | Entered the Ecumenical Temple
  5089 | D:4      | Killed Blork the orc
  5227 | D:4      | Reached skill level 6 in Transmutations
  5549 | D:4      | Got a twisted spear
  5733 | D:4      | Reached XP level 7. HP: 57/57 MP: 9/13
  6029 | D:4      | Found a shattered altar of Ashenzari.
  6157 | D:5      | Entered Level 5 of the Dungeon
  6679 | D:5      | Reached skill level 7 in Transmutations
  7105 | D:5      | Learned a level 5 spell: Blade Hands
  7405 | D:5      | Reached XP level 8. HP: 54/64 MP: 5/15
  7478 | D:5      | Reached skill level 5 in Spellcasting
  7700 | D:6      | Reached skill level 8 in Transmutations
  7840 | D:6      | Got a glittering glass ring
  7842 | D:6      | Identified the ring of the Lizard {+Fly rF+ MR+ Int+4} (You
                  | found it on level 6 of the Dungeon)
  8340 | D:6      | Found Ejoyhoga's Antique Weapon Boutique.
  8667 | D:6      | Reached skill level 9 in Transmutations
  8746 | D:6      | Reached XP level 9. HP: 58/70 MP: 11/18
  9762 | D:7      | Identified the cursed +0 spear of Desperation {elec, rC-
                  | Int+6} (You found it on level 4 of the Dungeon)
 10063 | D:7      | Reached skill level 10 in Transmutations
 10268 | D:7      | Noticed an unseen horror
 10297 | D:7      | Killed an unseen horror
 10297 | D:7      | Reached skill level 5 in Unarmed Combat
 10297 | D:7      | Reached XP level 10. HP: 19/87 MP: 12/20
 10570 | D:7      | Noticed Harold
 10598 | D:7      | Killed Harold
 10598 | D:7      | Reached skill level 5 in Fighting
 10818 | D:7      | Noticed orehx's ghost (novice MiWn)
 10820 | D:7      | Found a runed translucent gate.
 10820 | D:7      | Found a runed translucent gate.
 10820 | D:7      | Found a runed translucent gate.
 11491 | D:8      | Found a sparkling altar of Nemelex Xobeh.
 11493 | D:8      | Found a glowing silver altar of Zin.
 11536 | D:8      | Found a flagged portal.
 11557 | Bailey   | Entered a bailey
 12822 | D:8      | Found a white marble altar of Elyvilon.
 12946 | D:8      | Found a basalt altar of Yredelemnul.
 12946 | D:8      | Found a stormy altar of Qazlal.
 13000 | D:9      | Found a snail-covered altar of Cheibriados.
 13095 | D:9      | Became a worshipper of Cheibriados the Contemplative
 13215 | D:9      | Noticed Grum
 13236 | D:9      | Killed Grum
 13368 | D:9      | Noticed Maurice
 13391 | D:9      | Reached XP level 11. HP: 99/99 MP: 22/22
 13512 | D:9      | Killed Maurice
 13512 | D:9      | Reached * piety under Cheibriados
 13512 | D:9      | Reached skill level 1 in Invocations
 13663 | D:9      | Identified a scroll of acquirement
 13667 | D:9      | Identified the +6 rapier of Hotuamac {pierce, rElec MR-
                  | Str+9 Int-5} (You found it on level 9 of the Dungeon)
 14322 | D:9      | Found a staircase to the Orcish Mines.
 14874 | D:10     | Entered Level 10 of the Dungeon
 14899 | D:10     | Noticed a two-headed ogre
 14908 | D:10     | Killed a two-headed ogre
 15309 | D:10     | Reached ** piety under Cheibriados
 15647 | D:10     | Noticed a two-headed ogre
 15655 | D:10     | Killed a two-headed ogre
 15805 | D:10     | Noticed Erolcha
 15824 | D:10     | Killed Erolcha
 16185 | D:10     | Reached *** piety under Cheibriados
 16345 | D:11     | Noticed a two-headed ogre
 16352 | D:11     | Killed a two-headed ogre
 16425 | D:11     | Found a staircase to the Lair.
 16566 | D:11     | Reached skill level 5 in Invocations
 16977 | D:11     | You fall into a shaft and drop 2 floors!
 16977 | D:13     | Noticed a cyan ugly thing
 16982 | D:13     | Noticed a cyclops
 16985 | D:13     | Noticed a salamander
 16985 | D:13     | a shapeshifter changed into a salamander
 16987 | D:13     | Killed a cyan ugly thing
 16990 | D:13     | Killed a cyclops
 17003 | D:13     | Learned a level 7 spell: Dragon Form
 17015 | D:13     | Learned a level 6 spell: Statue Form
 17085 | D:13     | Noticed a centaur warrior
 17104 | D:13     | Noticed a two-headed ogre
 17110 | D:13     | Killed a two-headed ogre
 17110 | D:13     | Reached XP level 12. HP: 53/112 MP: 20/23
 17163 | D:13     | Found a gate leading to a gauntlet.
 17170 | Gauntlet | Entered a Gauntlet
 17170 | Gauntlet | Found a transporter.
 17170 | Gauntlet | Found a transporter.
 17170 | Gauntlet | Found a transporter.
 17287 | Gauntlet | Found a transporter.
 17293 | Gauntlet | Found a transporter.
 17297 | Gauntlet | Found a transporter.
 17301 | Gauntlet | Found a transporter.
 17303 | Gauntlet | Found a large runed translucent door.
 17304 | Gauntlet | Found a large runed translucent door.
 17305 | Gauntlet | Found a large runed translucent door.
 17305 | Gauntlet | Found a large runed translucent door.
 17305 | Gauntlet | Found a runed translucent door.
 17306 | Gauntlet | Found a large runed translucent door.
 17307 | Gauntlet | Found a large runed translucent door.
 17308 | Gauntlet | Found a large runed translucent door.
 17308 | Gauntlet | Found a large runed translucent door.
 17309 | Gauntlet | Found a runed translucent gate.
 17310 | Gauntlet | Noticed a dire elephant
 17313 | Gauntlet | Found a transporter.
 17354 | Gauntlet | Noticed a catoblepas
 17401 | Gauntlet | Found a transporter.
 17412 | Gauntlet | Found a transporter.
 17416 | Gauntlet | Found a transporter.
 17417 | Gauntlet | Found a large runed translucent door.
 17418 | Gauntlet | Found a large runed translucent door.
 17419 | Gauntlet | Found a large runed translucent door.
 17419 | Gauntlet | Found a large runed translucent door.
 17419 | Gauntlet | Found a runed translucent door.
 17420 | Gauntlet | Found a large runed translucent door.
 17421 | Gauntlet | Found a large runed translucent door.
 17422 | Gauntlet | Found a large runed translucent door.
 17422 | Gauntlet | Found a large runed translucent door.
 17423 | Gauntlet | Found a runed translucent gate.
 17423 | Gauntlet | Found a runed translucent gate.
 17425 | Gauntlet | Found a transporter.
 17590 | Gauntlet | Killed a catoblepas
 17610 | Gauntlet | Killed from afar by a gargoyle

Levels and vault maps discovered:
D:1:      erik_arrival_gehennom, layout_rooms
D:2:      layout_basic, old_standard_altar, nrook_campfire,
          chequers_serial_rivers_large_b
D:3:      layout_basic
D:4:      layout_basic, minmay_temple_entry_trees, corexii_leaking_fountain,
          cheibrodos_ashenzari_chains, uniq_blork_the_orc
D:5:      kennysheep_spiral_hall, layout_basic, first_ration
D:6:      layout_rooms, kennysheep_windowed_goal
D:7:      minmay_the_grid_four_pointed_star
          [minmay_the_grid_triangle_9x9_zippers_horizontal,
          minmay_the_grid_triangle_9x9_sprig,
          minmay_the_grid_triangle_9x9_cache,
          minmay_the_grid_triangle_9x9_flanged_cone,
          minmay_the_grid_prize_shrinking_boxes], layout_basic,
          gammafunk_ghost_split, uniq_harold
D:8:      layout_cave_pools, nicolae_overflow_hidden_temple, enter_bailey_3
D:9:      layout_basic, lemuel_crystal_altar, orc_0_dummy,
          hangedman_pestilent_swarm, uniq_maurice, uniq_grum
D:10:     layout_roguey, uniq_erolcha
D:11:     layout_irregular_city, lair_entry_dummy
D:13:     layout_long_grid, skrybe_vaults_entry_preservation, serial_shops,
          shop_statue, gauntlet_entry_generic, drop_trap,
          hangedman_decor_clover_reticule, uniq_frances
Temple:   regret_index_temple_generic_petals
Gauntlet: gammafunk_gauntlet_hard_choice [gammafunk_gauntlet_arena_corners,
          gammafunk_gauntlet_arena_spirals, nicolae_gauntlet_arena_x,
          nicolae_gauntlet_arena_t_cross,
          minmay_gauntlet_arena_make_your_own_arena,
          gammafunk_gauntlet_arena_teeth, gauntlet_exit_watery]

Skill      XL: |  1  2  3  4  5  6  7  8  9 10 11 12 |
---------------+-------------------------------------+-----
Transmutations | 3 4 5 6 7 9 10 | 10.6
Spellcasting   | 3 4 6 7 |  7.8
Fighting       | 4 6 8 |  8.8
Unarmed Combat | 5 7 9 |  9.2
Invocations    | 5 6 |  6.0
Dodging        | 3 |  3.6

Action                   |  1- 3 |  4- 6 |  7- 9 | 10-12 || total
-------------------------+-------+-------+-------+-------++-------
Melee: Unarmed           |    97 |   140 |   343 |   305 ||   885
       Headbutt          |    15 |       |       |       ||    15
       Punch             |     2 |     1 |       |     1 ||     4
       Tailslap          |     2 |     8 |     8 |    16 ||    34
       Staff             |       |       |       |     4 ||     4
Throw: Boomerang         |       |       |       |   148 ||   148
 Cast: Beastly Appendage |    13 |       |       |       ||    13
       Spider Form       |     3 |    19 |    24 |     1 ||    47
       Sticks to Snakes  |     1 |     4 |    17 |    45 ||    67
       Blade Hands       |       |       |    10 |    43 ||    53
       Ice Form          |       |       |    11 |    20 ||    31
 Abil: Spit Poison       |       |     1 |       |       ||     1
       Evoke Flight      |       |       |     1 |       ||     1
       End Transformatio |       |       |       |     3 ||     3
  Use: Potion            |     4 |     1 |     1 |     3 ||     9
       Scroll            |       |    14 |     5 |    11 ||    30
 Stab: Sleeping          |       |     3 |     2 |     1 ||     6
       Invisible         |       |     3 |       |       ||     3
       Distracted        |       |       |     1 |     5 ||     6
  Eat: Ration            |     1 |       |     2 |     4 ||     7
       Chunk             |       |    11 |    13 |    14 ||    38
Armor: Robe              |    21 |     9 |    22 |     4 ||    56
       Skin              |       |     7 |    49 |    48 ||   104
       Scale mail        |       |       |       |    25 ||    25
       Leather armour    |       |       |       |    70 ||    70
Dodge: Dodged            |    66 |   123 |   274 |   233 ||   696
